AoeStats
← dohteM

Black Forest

510046042Analyzed
2v2 RM · 4d ago on Sep 29, 2026· 60m 59s· 4 players
Game mode
Random Map
Map size
Medium (4 player)
Population
200
Speed
Normal
Resources
Standard
Victory
Conquest
Starting age
Dark Age
Ending age
Imperial Age
RankedLock teamsTeams togetherTeam positionsShared explorationLock speedFull tech treeHidden civsTurbo modeCheats
Victory
Defeat
🇺🇸 Franks · United States
776
+40
🇺🇸 Danes · United States
754
+16
🇷🇴 Persians · Romania
807
-18
🇦🇺 Goths · Australia
723
-14
GaryTheSnail
0:31 Loom
11:08 Feudal Age
20:32 Castle Age
18:59 Double-Bit Axe
22:07 Fletching
22:45 Bow Saw
23:15 Gold Mining
23:16 Stone Mining
23:09 Horse Collar
23:22 Fishing Lines
25:34 Scale Mail Armor
28:14 Wheelbarrow
29:33 Chain Mail Armor
29:28 Forging
33:39 Murder Holes
37:14 Imperial Age
34:36 Town Watch
35:27 Hamask
36:22 Forging
38:35 Plate Mail Armor
38:41 Conscription
39:09 Ballistics
39:50 Elite Jomsviking
40:50 Bodkin Arrow
47:24 Chemistry
46:46 Squires
46:32 Gambesons
46:35 Arson
47:59 Coinage
52:03 Heavy Plow
52:31 Hand Cart
52:15 Gillnets
53:10 Block Printing
53:40 Theocracy
53:23 Redemption
54:40 Banking
dohteM
7:33 Loom
13:36 Feudal Age
20:22 Castle Age
20:03 Double-Bit Axe
21:41 Wheelbarrow
21:16 Town Watch
21:42 Town Watch
22:13 Bow Saw
27:16 Hand Cart
27:13 Town Patrol
27:10 Fletching
35:00 Imperial Age
33:25 Stone Mining
33:26 Gold Mining
33:49 Forging
33:46 Scale Barding Armor
33:32 Pikeman
37:21 Coinage
36:29 Cavalier
37:11 Husbandry
37:31 Murder Holes
38:38 Chemistry
39:10 Conscription
39:50 Chain Barding Armor
40:26 Paladin
43:00 Ballistics
42:47 Siege Engineers
42:52 Masonry
42:55 Halberdier
46:25 Iron Casting
46:27 Plate Barding Armor
45:49 Bodkin Arrow
45:47 Treadmill Crane
50:59 Blast Furnace
54:02 Elite Skirmisher
58:15 Scale Mail Armor
58:16 Padded Archer Armor
malcolm.james.new
0:39 Loom
16:50 Feudal Age
18:48 Man-at-Arms
19:10 Horse Collar
19:17 Double-Bit Axe
19:49 Gold Mining
20:51 Scale Mail Armor
21:01 Forging
21:33 Town Watch
24:29 Stone Mining
25:24 Wheelbarrow
27:38 Castle Age
29:12 Fletching
29:17 Long Swordsman
30:01 Squires
29:23 Pikeman
30:21 Chain Mail Armor
30:11 Caravan
30:47 Iron Casting
31:58 Heavy Plow
32:10 Bow Saw
35:05 Anarchy
36:42 Town Patrol
41:17 Imperial Age
40:07 Murder Holes
40:34 Ballistics
41:26 Halberdier
41:27 Two-Handed Swordsman
42:11 Perfusion
42:34 Conscription
47:20 Blast Furnace
46:17 Bodkin Arrow
46:54 Crop Rotation
47:26 Two-Man Saw
54:09 Chemistry
ak47 LuKYaN
0:42 Loom
13:24 Feudal Age
14:34 Wheelbarrow
27:45 Castle Age
26:28 Arson
28:35 Squires
28:22 Pikeman
30:30 Husbandry
32:07 Double-Bit Axe
32:07 Horse Collar
32:54 Gold Mining
32:56 Stone Mining
33:10 Arson
34:01 Bow Saw
33:56 Heavy Plow
34:02 Caravan
36:29 Hand Cart
37:49 Town Watch
41:58 Imperial Age
Connection lost

Rejoining the realm…

Still unreachable

The connection could not be restored.

Session expired

The server has moved on; the page needs a fresh start.